BSA
PLYMOUTH ROCKS @ BAFFIN ISLAND BEAVERS
10/01/2027
 
TOP OF THE 1ST
Plymouth Rocks batting - Pitching for Baffin Island Beavers : RHP Thierry Garneau
Pitching: RHP Thierry Garneau
Batting: LHB Roberto García 0-0: Called Strike
0-1: Foul Ball, location: 2F
0-2: Ball
1-2: Fly out, F7 (Flyball, 78S)
Batting: LHB Roy Patrick 0-0: Ball
1-0: Called Strike
1-1: Foul Ball, location: 2F
1-2: Strikes out swinging
Batting: RHB Andrés Lara 0-0: Foul Ball, location: 2F
0-1: Ground out 6-3 (Groundball, 56)
Top of the 1st over - 0 run(s), 0 hit(s), 0 error(s), 0 left on base; Plymouth 0 - Baffin Island 0
BOTTOM OF THE 1ST
Baffin Island Beavers batting - Pitching for Plymouth Rocks : RHP José Martínez
Pitching: RHP José Martínez
Batting: LHB Mario García 0-0: Called Strike
0-1: Ball
1-1: Called Strike
1-2: Strikes out looking
Batting: SHB Alonso Ferreira 0-0: Ball
1-0: Called Strike
1-1: Fly out, F6 (Line Drive, 6M)
Batting: LHB Chris Bates 0-0: Ball
1-0: Ground out 4-3 (Groundball, 4)
Bottom of the 1st over - 0 run(s), 0 hit(s), 0 error(s), 0 left on base; Plymouth 0 - Baffin Island 0
TOP OF THE 2ND
Plymouth Rocks batting - Pitching for Baffin Island Beavers : RHP Thierry Garneau
Batting: LHB Barrett Waters 0-0: Ball
1-0: Fly out, F2 (Popup, 2L)
Batting: LHB Roger Moore 0-0: Ground out 4-3 (Groundball, 4)
Batting: RHB Taylor McFarland 0-0: Called Strike
0-1: Ball
1-1: Swinging Strike
1-2: Ball
2-2: Foul Ball, location: 2F
2-2: Strikes out swinging
Top of the 2nd over - 0 run(s), 0 hit(s), 0 error(s), 0 left on base; Plymouth 0 - Baffin Island 0
BOTTOM OF THE 2ND
Baffin Island Beavers batting - Pitching for Plymouth Rocks : RHP José Martínez
Batting: RHB Tony Morton 0-0: Ball
1-0: Ball
2-0: Called Strike
2-1: Swinging Strike
2-2: Ball
3-2: Ground out U3 (Groundball, 2R)
Batting: LHB Norberto Muñóz 0-0: Called Strike
0-1: Ball
1-1: Swinging Strike
1-2: Fly out, F2 (Popup, 2R)
Batting: LHB Mike MacFadden 0-0: Foul Ball, location: 2F
0-1: Fly out, F7 (Flyball, 7S)
Bottom of the 2nd over - 0 run(s), 0 hit(s), 0 error(s), 0 left on base; Plymouth 0 - Baffin Island 0
TOP OF THE 3RD
Plymouth Rocks batting - Pitching for Baffin Island Beavers : RHP Thierry Garneau
Batting: RHB Tadakuni Sugiyama 0-0: Ball
1-0: Fly out, F9 (Flyball, 9)
Batting: RHB Jorge Jiménez 0-0: Ball
1-0: Called Strike
1-1: Called Strike
1-2: Ball
2-2: Strikes out swinging
Batting: RHB António Gonzáles 0-0: Foul Ball, location: 2F
0-1: Ball
1-1: Called Strike
1-2: Foul Ball, location: 2F
1-2: Strikes out swinging
Top of the 3rd over - 0 run(s), 0 hit(s), 0 error(s), 0 left on base; Plymouth 0 - Baffin Island 0
BOTTOM OF THE 3RD
Baffin Island Beavers batting - Pitching for Plymouth Rocks : RHP José Martínez
Batting: LHB Keng-chi Lao 0-0: Ball
1-0: Called Strike
1-1: Foul Ball, location: 2F
1-2: Foul Ball, location: 2F
1-2: DOUBLE (Flyball, 8LD)
Batting: RHB Mario López 0-0: Called Strike
0-1: Ball
1-1: Ball
2-1: SINGLE (Groundball, 3D)
Keng-chi Lao to third
Batting: LHB Howard Evans 0-0: Called Strike
0-1: Ball
1-1: Ball
2-1: Ball
3-1: Swinging Strike
3-2: Strikes out swinging
Mario López steals 2nd base
Batter strikes out.
Batting: LHB Mario García 0-0: Called Strike
0-1: Ball
1-1: Foul Ball, location: 2F
1-2: Reached on error, E6 (Groundball, 6MS)
Keng-chi Lao scores
Mario López scores
Batting: SHB Alonso Ferreira 0-0: Swinging Strike
0-1: Foul Ball, location: 2F
0-2: Ball
1-2: Fly out, F4 (Line Drive, 4)
Batting: LHB Chris Bates 0-0: Ball
1-0: Swinging Strike
1-1: Ball
2-1: Ball
3-1: Called Strike
3-2: Strikes out looking
Bottom of the 3rd over - 2 run(s), 2 hit(s), 1 error(s), 1 left on base; Plymouth 0 - Baffin Island 2
TOP OF THE 4TH
Plymouth Rocks batting - Pitching for Baffin Island Beavers : RHP Thierry Garneau
Batting: LHB Roberto García 0-0: Ball
1-0: Ball
2-0: Reached on error, E8 (Line Drive, 8LD)
Batting: LHB Roy Patrick 0-0: Ball
1-0: DOUBLE (Flyball, 7LM)
Roberto García scores
Batting: RHB Andrés Lara 0-0: Called Strike
0-1: Foul Ball, location: 2F
0-2: Foul Ball, location: 2F
0-2: Ball
1-2: Ball
2-2: Foul Ball, location: 2F
2-2: Foul Ball, location: 2F
2-2: Ball
3-2: DOUBLE (Line Drive, 7D)
Roy Patrick scores
Batting: LHB Barrett Waters 0-0: Fly out, F7 (Line Drive, 7S)
Batting: LHB Roger Moore 0-0: Called Strike
0-1: Ball
1-1: Ground out 4-3 (Groundball, 4M)
Andrés Lara to third
Batting: RHB Taylor McFarland 0-0: Ball
1-0: Foul Ball, location: 2F
1-1: Foul Ball, location: 2F
1-2: Ground out 5-3 (Groundball, 56S)
Top of the 4th over - 2 run(s), 2 hit(s), 1 error(s), 1 left on base; Plymouth 2 - Baffin Island 2
BOTTOM OF THE 4TH
Baffin Island Beavers batting - Pitching for Plymouth Rocks : RHP José Martínez
Batting: RHB Tony Morton 0-0: Called Strike
0-1: Fly out, F9 (Flyball, 9)
Batting: LHB Norberto Muñóz 0-0: Called Strike
0-1: Ball
1-1: Ball
2-1: Ground out U3 (Groundball, 3)
Batting: LHB Mike MacFadden 0-0: Foul Ball, location: 2F
0-1: SINGLE (Groundball, 34D)
Batting: LHB Keng-chi Lao 0-0: Ball
1-0: Called Strike
1-1: Ground out 4-3 (Groundball, 34)
Bottom of the 4th over - 0 run(s), 1 hit(s), 0 error(s), 1 left on base; Plymouth 2 - Baffin Island 2
TOP OF THE 5TH
Plymouth Rocks batting - Pitching for Baffin Island Beavers : RHP Thierry Garneau
Batting: RHB Tadakuni Sugiyama 0-0: Fly out, F6 (Popup, 6)
Batting: RHB Jorge Jiménez 0-0: Called Strike
0-1: SINGLE (Flyball, 89S)
Batting: RHB António Gonzáles 0-0: Ball
1-0: Called Strike
1-1: Called Strike
1-2: Grounds into double play, 6-4-3 (Groundball, 6)
Top of the 5th over - 0 run(s), 1 hit(s), 0 error(s), 0 left on base; Plymouth 2 - Baffin Island 2
BOTTOM OF THE 5TH
Baffin Island Beavers batting - Pitching for Plymouth Rocks : RHP José Martínez
Batting: RHB Mario López 0-0: Ball
1-0: Ball
2-0: Ground out 1-3 (Groundball, 13)
Batting: LHB Howard Evans 0-0: Called Strike
0-1: Swinging Strike
0-2: Ball
1-2: Ball
2-2: Ball
3-2: Ground out 6-3 (Groundball, 6M)
Batting: LHB Mario García 0-0: Ball
1-0: Swinging Strike
1-1: Fly out, F7 (Flyball, 7LS)
Bottom of the 5th over - 0 run(s), 0 hit(s), 0 error(s), 0 left on base; Plymouth 2 - Baffin Island 2
TOP OF THE 6TH
Plymouth Rocks batting - Pitching for Baffin Island Beavers : RHP Thierry Garneau
Batting: LHB Roberto García 0-0: Ball
1-0: Fly out, F9 (Flyball, 9)
Batting: LHB Roy Patrick 0-0: Swinging Strike
0-1: Foul Ball, location: 2F
0-2: Fly out, F8 (Line Drive, 8LM)
Batting: RHB Andrés Lara 0-0: Ground out 2-3 (Groundball, 2L)
Top of the 6th over - 0 run(s), 0 hit(s), 0 error(s), 0 left on base; Plymouth 2 - Baffin Island 2
BOTTOM OF THE 6TH
Baffin Island Beavers batting - Pitching for Plymouth Rocks : RHP José Martínez
Batting: SHB Alonso Ferreira 0-0: Called Strike
0-1: Ball
1-1: Swinging Strike
1-2: SINGLE (Flyball, 78S)
Batting: LHB Chris Bates 0-0: Ball
1-0: Foul Ball, location: 2F
1-1: Foul Ball, location: 2F
1-2: Foul Ball, location: 2F
1-2: Fly out, F8 (Flyball, 8LD)
Batting: RHB Tony Morton 0-0: Called Strike
0-1: Ball
1-1: Ball
2-1: Fly out, F8 (Line Drive, 8LS)
Batting: LHB Norberto Muñóz 0-0: SINGLE (Groundball, 4MD)
Alonso Ferreira to second
Batting: LHB Mike MacFadden 0-0: Ball
1-0: Called Strike
1-1: Swinging Strike
1-2: Ball
2-2: Foul Ball, location: 2F
2-2: Strikes out swinging
Bottom of the 6th over - 0 run(s), 2 hit(s), 0 error(s), 2 left on base; Plymouth 2 - Baffin Island 2
TOP OF THE 7TH
Plymouth Rocks batting - Pitching for Baffin Island Beavers : RHP Thierry Garneau
Batting: LHB Barrett Waters 0-0: Called Strike
0-1: Ball
1-1: Swinging Strike
1-2: SINGLE (Groundball, 4D)
Batting: LHB Roger Moore 0-0: Foul Ball, location: 2F
0-1: Ball
1-1: Fly out, F7 (Flyball, 7S)
Batting: RHB Taylor McFarland 0-0: Ball
1-0: Called Strike
1-1: Swinging Strike
1-2: Foul Ball, location: 2F
1-2: Ball
2-2: Fly out, F7 (Flyball, 7)
Batting: RHB Tadakuni Sugiyama 0-0: Foul Ball, location: 2F
0-1: Ball
1-1: SINGLE (Flyball, 89S)
Barrett Waters to second
Runner from 2nd tries for 3rd, OUT!
Top of the 7th over - 0 run(s), 2 hit(s), 0 error(s), 1 left on base; Plymouth 2 - Baffin Island 2
BOTTOM OF THE 7TH
Baffin Island Beavers batting - Pitching for Plymouth Rocks : RHP José Martínez
Pitching: LHP Manuel Parra
Batting: LHB Keng-chi Lao 0-0: Ball
1-0: Swinging Strike
1-1: Ground out 3-1 (Groundball, 34)
Batting: RHB Mario López 0-0: Called Strike
0-1: Called Strike
0-2: Fly out, F7 (Line Drive, 7D)
Pinch Hitting: RHB Jeremy Flemming 0-0: Fly out, F9 (Flyball, 89M)
Bottom of the 7th over - 0 run(s), 0 hit(s), 0 error(s), 0 left on base; Plymouth 2 - Baffin Island 2
TOP OF THE 8TH
Plymouth Rocks batting - Pitching for Baffin Island Beavers : RHP Thierry Garneau
Now at 3B: Ángelo García
Batting: RHB Jorge Jiménez 0-0: Foul Ball, location: 2F
0-1: Ball
1-1: Ball
2-1: Swinging Strike
2-2: Strikes out looking
Pinch Hitting: SHB Derek Roach 0-0: Ball
1-0: Foul Ball, location: 2F
1-1: Foul Ball, location: 2F
1-2: Fly out, F7 (Flyball, 7S)
Batting: LHB Roberto García 0-0: Ball
1-0: Foul Ball, location: 2F
1-1: SOLO HOME RUN (Flyball, 8LXD) (Inside the Park)
Batting: LHB Roy Patrick 0-0: Called Strike
0-1: Called Strike
0-2: Ball
1-2: Foul Ball, location: 2F
1-2: Ground out 5-3 (Groundball, 56S)
Top of the 8th over - 1 run(s), 1 hit(s), 0 error(s), 0 left on base; Plymouth 3 - Baffin Island 2
BOTTOM OF THE 8TH
Baffin Island Beavers batting - Pitching for Plymouth Rocks : LHP Manuel Parra
Now at 3B: Chad Huggins
Batting: LHB Mario García 0-0: Swinging Strike
0-1: Foul Ball, location: 2F
0-2: Strikes out swinging
Batting: SHB Alonso Ferreira 0-0: Ball
1-0: Ball
2-0: Called Strike
2-1: Foul Ball, location: 2F
2-2: Foul Ball, location: 2F
2-2: Ball
3-2: Foul Ball, location: 2F
3-2: Ground out 5-3 (Groundball, 56)
Batting: LHB Chris Bates 0-0: Ball
1-0: Fly out, F7 (Flyball, 7LM)
Bottom of the 8th over - 0 run(s), 0 hit(s), 0 error(s), 0 left on base; Plymouth 3 - Baffin Island 2
TOP OF THE 9TH
Plymouth Rocks batting - Pitching for Baffin Island Beavers : RHP Thierry Garneau
Batting: RHB Andrés Lara 0-0: Ball
1-0: Ball
2-0: Foul Ball, location: 2F
2-1: Fly out, F9 (Flyball, 9S)
Pitching: RHP Alonso Gallardo
Batting: LHB Barrett Waters 0-0: Swinging Strike
0-1: Foul Ball, location: 2F
0-2: Ball
1-2: Ball
2-2: Foul Ball, location: 2F
2-2: Strikes out swinging
Batting: LHB Roger Moore 0-0: Ball
1-0: Fly out, F7 (Flyball, 7S)
Top of the 9th over - 0 run(s), 0 hit(s), 0 error(s), 0 left on base; Plymouth 3 - Baffin Island 2
BOTTOM OF THE 9TH
Baffin Island Beavers batting - Pitching for Plymouth Rocks : LHP Manuel Parra
Pitching: RHP Bartolo García
Batting: RHB Tony Morton 0-0: Ball
1-0: Ball
2-0: Ball
3-0: Ground out 6-3 (Groundball, 6)
Batting: LHB Norberto Muñóz 0-0: Fly out, F7 (Flyball, 7S)
Batting: LHB Mike MacFadden 0-0: Ball
1-0: SINGLE (Groundball, 4MD)
Pinch Runner at 1st Javier Orozco:
Batting: LHB Keng-chi Lao 0-0: Foul Ball, location: 2F
0-1: Ball
1-1: Foul Ball, location: 2F
1-2: Ball
2-2: Ground out 1-3 (Groundball, 15S)
Bottom of the 9th over - 0 run(s), 1 hit(s), 0 error(s), 1 left on base; Plymouth 3 - Baffin Island 2
Thursday, March 30th, 2017 - OOTP Baseball 17.12 Build 75